 Dungeon Crawl Stone Soup version 0.29-a0-1027-gcd8c55af63 (webtiles) character file.

Game seed: 4367024381520677354

22 Locuples the Sneak (level 2, -1/22 HPs)
             Began as a Demonspawn Brigand on Aug 12, 2022.
             Slain by a gnoll
             ... wielding a +0 halberd
              (10 damage)
             ... on level 2 of the Dungeon.
             The game lasted 00:01:17 (950 turns).

Locuples the Sneak (Demonspawn Brigand)              Turns: 950, Time: 00:01:17

Health: -1/22      AC:  3    Str: 11    XL:     2   Next: 68%
Magic:  2/2        EV: 11    Int: 12    God:
Gold:   34         SH:  0    Dex: 14    Spells: 1/1 levels left

rFire   . . .      SeeInvis .   a - +2 dagger
rCold   . . .      Faith    .   (no shield)
rNeg    . . .      Spirit   .   b - +0 robe
rPois   .          Reflect  .   (no helmet)
rElec   .          Harm     .   c - +0 cloak
rCorr   .          Rampage  .   (no gloves)
Will    .....                   (no boots)
Stlth   +++.......              (no amulet)
HPRegen 0.07/turn               (no ring)
MPRegen 0.08/turn               (no ring)

@: no status effects
A: claws 1
a: no special abilities


You were on level 2 of the Dungeon.
You visited 1 branch of the dungeon, and saw 2 of its levels.

You collected 34 gold pieces.

Inventory:

Hand Weapons
 a - a +2 dagger (weapon)
Missiles
 d - 9 poisoned darts (quivered)
 e - 3 curare-tipped darts
Armour
 b - a +0 robe (worn)
 c - a +0 cloak (worn)
Scrolls
 i - a scroll of vulnerability {unknown}
 j - a scroll of amnesia {unknown}
Potions
 f - a potion of brilliance {unknown}
 g - a potion of heal wounds {unknown}
 h - a potion of ambrosia {unknown}


   Skills:
 + Level 2.1 Fighting
 + Level 1.9 Short Blades
 - Level 1.7 Throwing
 - Level 0.8 Dodging
 + Level 4.3 Stealth


You had one spell level left.
You didn't know any spells.
Your spell library was empty.

Dungeon Overview and Level Annotations

Branches:
Dungeon (2/15)

Altars:


Innate Abilities, Weirdness & Mutations

You have sharp fingernails.


Message History

You see here a +0 robe.
Found an escape hatch in the floor.
There is an escape hatch in the floor here.
Things that are here:
a +0 short sword; a kobold skeleton You see here a +0 whip.
Done exploring.
Done exploring.
There is a stone staircase leading down here.
You climb downwards.
There is a stone staircase leading up here.
A hobgoblin comes into view.
Found a ring mail.
The helpless hobgoblin fails to defend itself.
You puncture the hobgoblin!
You kill the hobgoblin!
You see here a hobgoblin corpse.
Found 6 stones.
Found a stone staircase leading up.
Found a stone staircase leading down.
A gnoll comes into view. It is wielding a +0 club.
The gnoll shouts!
You hear a shout!
A gnoll comes into view. It is wielding a +0 halberd.
Found 4 gold pieces.
You hit the gnoll but do no damage. The gnoll hits you but does no damage.
You closely miss the gnoll.
A gnoll comes into view. It is wielding a +0 halberd.
The gnoll hits you with a +0 halberd. The gnoll hits you with a +0 club.
The gnoll moves out of view.
You hit the gnoll.
The gnoll is lightly wounded.
The gnoll barely misses you. The gnoll hits you with a +0 club.
The gnoll shouts!
You hit the gnoll.
The gnoll is moderately wounded.
The gnoll barely misses you. x2
You hit the gnoll.
The gnoll is severely wounded.
The gnoll hits you with a +0 halberd!
You die...

##.
...###################
#.....##.............
#>....##...#..#..#..#
#................g..
#.....###..#g.#..#..#
#.....##.....@g......
#.#....#############
##.#.#####.......#..#
##.(..#####.....#..#.##
#........##.....#.###.#
##.<..##.##†.####..#.##.#
##.#.##.#.....##<......#
###..........####.#####
####.#[....# #.#


You could see 3 gnolls.

Vanquished Creatures
  A dart slug (D:1)
  A ball python (D:1)
  2 endoplasms (D:1)
  5 giant cockroaches (D:1)
  A hobgoblin (D:2)
  3 kobolds (D:1)
  A bat (D:1)
  3 rats (D:1)
17 creatures vanquished.

Notes
Turn   | Place    | Note
-------+----------+-------------------------------------------
     0 | D:1      | Locuples the Demonspawn Brigand began the quest for the
                  | Orb.
     0 | D:1      | Reached XP level 1. HP: 16/16 MP: 1/1
   129 | D:1      | Reached skill level 4 in Stealth
   158 | D:1      | Gained mutation: You have sharp fingernails. [demonic
                  | ancestry]
   158 | D:1      | Reached XP level 2. HP: 20/22 MP: 2/2
   950 | D:2      | Slain by a gnoll

Illustrated notes

Levels and vault maps discovered:
D:1:      sevenhm_arrival_forest_fort_small_5, layout_loops_ring
D:2:      layout_loops_cross, columned_hall_lemuel, minmay_misc_feat_ornament

Skill      XL: |  1 |
---------------+----+-----
Stealth        | 4 |  4.3
Fighting       | |  2.1
Short Blades   | |  1.9
Throwing       | |  1.7
Dodging        | |  0.8

Action                   || total
-------------------------++-------
Melee: Dagger            ||    37
 Stab: Sleeping          ||     9
Armor: Robe              ||     5
Dodge: Dodged            ||    13

Table legend: (Time is in decaauts)
 A = Elapsed time spent in this place.
 B = Non-inter-level travel time spent in this place.
 C = Inter-level travel time spent in this place.
 D = Time resting spent in this place.
 E = Time spent auto-exploring this place.
 F = Levels seen in this place.
 G = Mean time per level.
                   A        B        C        D        E       F      G
               +--------+--------+--------+--------+--------+-----+--------+
         Total |    948 |    930 |     18 |      0 |    779 |   2 |  474.0 |
       Dungeon |    948 |    930 |     18 |      0 |    779 |   2 |  474.0 |
               +--------+--------+--------+--------+--------+-----+--------+

Top non-repeatable levels by time:
     D:1: 907 daAuts
     D:2: 41 daAuts
